Atlantic City Gamblers vs Ste. Rose Royals
Created - Tuesday, October 10, 2023 at 07:38
Goals
|
| Atlantic City Gamblers |
1 |
1 |
0 |
2 |
| Ste. Rose Royals |
0 |
2 |
1 |
3 |
|
Shots
|
| Atlantic City Gamblers |
6 |
7 |
10 |
23 |
| Ste. Rose Royals |
6 |
14 |
18 |
38 |
|
1st period
1. Atlantic City Gamblers , Jakub Lauko 5 (Boris Katchouk 6, Brian Elliott) at 11:03 (PP)
Penalties :
Brendan Perlini (BWK) for Hooking (Minor) at 10:44, Ronnie Attard (ACG) for Roughing (Minor) at 11:59
2nd period
2. Atlantic City Gamblers , Egor Sokolov 7 (Linus Karlsson 6, Alexander Holtz 7) at 5:35
3. Ste. Rose Royals , Grigori Denisenko 3 (Derek Ryan 16) at 6:47
4. Ste. Rose Royals , Derek Ryan 14 (Mason Appleton 19, Jordan Harris 13) at 18:36
Penalties :
Aleksi Heponiemi (ACG) for Tripping (Minor) at 14:20
3rd period
5. Ste. Rose Royals , Matthew Peca 16 (Jordan Harris 14, Mike Reilly 7) at 16:11 (PP)
Penalties :
Alex Beaucage (ACG) for Holding Stick (Minor) at 15:26, Brogan Rafferty (BWK) for Hooking (Minor) at 17:15
Goalie Stats
Brian Elliott (ACG), 35 saves from 38 shots - (0.921), L, 12-14-1, 59:16 minutes
Erik Kallgren (BWK), 21 saves from 23 shots - (0.913), W, 11-12-3, 60:00 minutes
Players Stats for Atlantic City Gamblers
Player Name G A P +/- PIM S H SB GA TA FO MP PP MP PK MP
------------------------------------------------------------------------------------
Aleksi Heponiemi 0 0 0 0 2 1 0 0 0 0 10/18 17:15 1:24 0:00
Alex Beaucage 0 0 0 -1 2 0 2 0 0 1 0/0 7:42 0:00 0:00
Alexander Holtz 0 1 1 0 0 0 0 2 4 1 0/0 16:07 0:00 0:09
Boris Katchouk 0 1 1 0 0 4 1 0 3 1 1/4 19:07 1:24 2:08
Cal Foote 0 0 0 -1 0 2 1 2 0 4 0/0 19:22 1:21 2:11
Daniil Chayka 0 0 0 1 0 0 1 0 0 0 0/0 7:28 0:00 0:00
Egor Sokolov 1 0 1 0 0 2 1 0 0 1 0/0 16:31 0:00 2:16
Filip Roos 0 0 0 0 0 1 2 2 1 1 0/0 19:02 0:57 2:32
Hendrix Lapierre 0 0 0 -1 0 1 2 0 0 1 1/4 9:16 0:00 0:17
Jakub Lauko 1 0 1 0 0 4 1 1 0 3 1/2 17:13 1:24 0:00
Jean-Luc Foudy 0 0 0 0 0 3 3 0 0 0 8/17 15:12 0:54 0:00
Linus Karlsson 0 1 1 0 0 3 0 0 0 0 3/6 15:46 0:07 0:00
Nicolas Hague 0 0 0 0 0 1 0 2 0 2 0/0 26:50 1:21 2:11
Nils Hoglander 0 0 0 0 0 0 1 0 1 0 0/0 17:30 0:54 2:18
Ronnie Attard 0 0 0 -1 2 0 2 2 0 1 0/0 14:08 0:00 0:00
Simon Edvinsson 0 0 0 -1 0 0 1 0 0 0 0/0 14:08 0:00 0:00
Thomas Harley 0 0 0 0 0 1 0 1 0 1 0/0 19:02 0:57 2:32
Yegor Chinakhov 0 0 0 -1 0 0 0 0 2 1 2/5 23:35 0:47 2:18
Players Stats for Ste. Rose Royals
Player Name G A P +/- PIM S H SB GA TA FO MP PP MP PK MP
------------------------------------------------------------------------------------
Brendan Perlini 0 0 0 0 2 5 2 0 0 2 0/1 14:56 0:00 0:00
Brogan Rafferty 0 0 0 1 2 0 0 0 0 1 0/0 14:49 0:00 0:00
Cale Fleury 0 0 0 -1 0 2 0 0 0 1 0/0 20:58 2:20 1:12
Colin Blackwell 0 0 0 -1 0 2 1 0 3 1 0/0 18:29 2:11 0:00
Derek Ryan 1 1 2 2 0 8 1 1 0 0 13/24 22:57 2:19 1:07
Grigori Denisenko 1 0 1 1 0 1 1 0 0 0 0/0 6:39 0:00 0:00
Isaac Ratcliffe 0 0 0 0 0 0 0 0 0 0 0/1 2:33 0:13 0:11
Joel Hanley 0 0 0 1 0 0 1 0 0 0 0/0 14:32 0:00 0:00
Jordan Harris 0 2 2 1 0 2 1 4 0 1 0/0 24:30 2:23 1:06
Libor Hajek 0 0 0 -1 0 1 0 3 1 1 0/0 20:58 2:20 1:12
Mason Appleton 0 1 1 1 0 2 1 0 2 1 1/1 18:07 2:19 1:07
Mathias Emilio Pettersen 0 0 0 1 0 0 0 0 0 0 1/3 6:39 0:00 0:00
Matthew Peca 1 0 1 -1 0 3 2 0 3 0 2/3 18:29 2:11 0:00
Michael Amadio 0 0 0 -1 0 1 0 0 3 1 8/16 19:29 2:11 1:00
Mike Reilly 0 1 1 1 0 3 4 0 1 1 0/0 24:30 2:23 1:06
Ridly Greig 0 0 0 0 0 5 3 0 2 0 5/6 15:16 0:13 0:00
Ryan Poehling 0 0 0 1 0 2 1 0 2 1 0/1 18:00 2:19 1:00
Saku Maenalanen 0 0 0 0 0 1 1 0 1 0 0/0 15:49 0:13 0:11
3 Stars
1 - Derek Ryan (BWK)
2 - Jordan Harris (BWK)
3 - Grigori Denisenko (BWK)
Power Play
Atlantic City Gamblers - 1 on 2 Attempt(s) - 50.00%
Ste. Rose Royals - 1 on 3 Attempt(s) - 33.33%
Penalty Kill
Atlantic City Gamblers - 2 on 3 Attempt(s) - 66.67%
- Score 0 goal in Penalty Kill
Ste. Rose Royals - 1 on 2 Attempt(s) - 50.00%
- Score 0 goal in Penalty Kill
Team Stat
Atlantic City Gamblers - Hits : 18 - Faceoff Wins : 26 - Blocked Shots : 12 - Penalty Minutes : 6
Ste. Rose Royals - Hits : 19 - Faceoff Wins : 30 - Blocked Shots : 8 - Penalty Minutes : 4
Official
Referees : Dan O'Rourke and Tim Peel
Linesman : Jay Sharrers and Devin Berg
Game Notes
No Game Note
Atlantic City Gamblers
5 vs 5 Forward
Center Left Wing Right Wing Time % Phy DF OF
1 Jean-Luc Foudy Yegor Chinakhov Nils Hoglander 30 1 2 2
2 Aleksi Heponiemi Boris Katchouk Jakub Lauko 30 1 2 2
3 Linus Karlsson Egor Sokolov Alexander Holtz 25 1 2 2
4 Hendrix Lapierre Yegor Chinakhov Alex Beaucage 15 1 2 2
5 vs 5 Defense
Defense Defense Time % Phy DF OF
1 Nicolas Hague Cal Foote 30 1 2 2
2 Thomas Harley Filip Roos 30 1 2 2
3 Ronnie Attard Simon Edvinsson 25 1 2 2
4 Daniil Chayka Nicolas Hague 15 1 2 2
PowerPlay Forward
Center Left Wing Right Wing Time % Phy DF OF
1 Jean-Luc Foudy Yegor Chinakhov Nils Hoglander 50 1 2 2
2 Aleksi Heponiemi Boris Katchouk Jakub Lauko 50 1 2 2
PowerPlay Defense
Defense Defense Time % Phy DF OF
1 Nicolas Hague Cal Foote 50 1 2 2
2 Thomas Harley Filip Roos 50 1 2 2
Penalty Kill 4 Players Forward
Center Wing Time % Phy DF OF
1 Yegor Chinakhov Nils Hoglander 50 1 2 2
2 Boris Katchouk Egor Sokolov 50 1 2 2
Penalty Kill 4 Players Defense
Defense Defense Time % Phy DF OF
1 Nicolas Hague Cal Foote 50 1 2 2
2 Thomas Harley Filip Roos 50 1 2 2
Penalty Kill - 3 Players Forward
Forward Time % Phy DF OF
1 Yegor Chinakhov 50 1 2 2
2 Nils Hoglander 50 1 2 2
Penalty Kill - 3 Players Defense
Defense Defense Time % Phy DF OF
1 Nicolas Hague Cal Foote 50 1 2 2
2 Thomas Harley Filip Roos 50 1 2 2
4 vs 4 Forward
Center Wing Time % Phy DF OF
1 Yegor Chinakhov Nils Hoglander 50 1 2 2
2 Boris Katchouk Egor Sokolov 50 1 2 2
4 vs 4 Defense
Defense Defense Time % Phy DF OF
1 Nicolas Hague Cal Foote 50 1 2 2
2 Thomas Harley Filip Roos 50 1 2 2
Last Minutes Offensive
Center Left Wing Right Wing Defense Defense
Jean-Luc Foudy Yegor Chinakhov Nils Hoglander Nicolas Hague Cal Foote
Last Minutes Defensive
Center Left Wing Right Wing Defense Defense
Jean-Luc Foudy Yegor Chinakhov Nils Hoglander Nicolas Hague Cal Foote
Goaltenders
Starting : Brian Elliott
Backup : Isaiah Saville
Extra Forwards
Normal : Linus Karlsson, Alexander Holtz, Hendrix Lapierre - PP : Linus Karlsson, Alexander Holtz - PK : Hendrix Lapierre
Extra Defensemen
Normal : Ronnie Attard, Simon Edvinsson, Daniil Chayka - PP : Ronnie Attard - PK : Simon Edvinsson, Daniil Chayka
Penalty Shots
Yegor Chinakhov, Nils Hoglander, Boris Katchouk, Egor Sokolov, Jean-Luc Foudy
Ste. Rose Royals
5 vs 5 Forward
Center Left Wing Right Wing Time % Phy DF OF
1 Derek Ryan Ryan Poehling Mason Appleton 30 1 2 2
2 Michael Amadio Matthew Peca Colin Blackwell 30 1 2 2
3 Ridly Greig Saku Maenalanen Brendan Perlini 25 1 2 2
4 Mathias Emilio Pettersen Grigori Denisenko Derek Ryan 15 1 2 2
5 vs 5 Defense
Defense Defense Time % Phy DF OF
1 Mike Reilly Jordan Harris 30 1 2 2
2 Cale Fleury Libor Hajek 30 1 2 2
3 Joel Hanley Brogan Rafferty 25 1 2 2
4 Mike Reilly Jordan Harris 15 1 2 2
PowerPlay Forward
Center Left Wing Right Wing Time % Phy DF OF
1 Derek Ryan Ryan Poehling Mason Appleton 50 1 2 2
2 Michael Amadio Matthew Peca Colin Blackwell 50 1 2 2
PowerPlay Defense
Defense Defense Time % Phy DF OF
1 Mike Reilly Jordan Harris 50 1 2 2
2 Cale Fleury Libor Hajek 50 1 2 2
Penalty Kill 4 Players Forward
Center Wing Time % Phy DF OF
1 Derek Ryan Mason Appleton 50 1 2 2
2 Ryan Poehling Michael Amadio 50 1 2 2
Penalty Kill 4 Players Defense
Defense Defense Time % Phy DF OF
1 Mike Reilly Jordan Harris 50 1 2 2
2 Cale Fleury Libor Hajek 50 1 2 2
Penalty Kill - 3 Players Forward
Forward Time % Phy DF OF
1 Derek Ryan 50 1 2 2
2 Mason Appleton 50 1 2 2
Penalty Kill - 3 Players Defense
Defense Defense Time % Phy DF OF
1 Mike Reilly Jordan Harris 50 1 2 2
2 Cale Fleury Libor Hajek 50 1 2 2
4 vs 4 Forward
Center Wing Time % Phy DF OF
1 Derek Ryan Mason Appleton 50 1 2 2
2 Ryan Poehling Michael Amadio 50 1 2 2
4 vs 4 Defense
Defense Defense Time % Phy DF OF
1 Mike Reilly Jordan Harris 50 1 2 2
2 Cale Fleury Libor Hajek 50 1 2 2
Last Minutes Offensive
Center Left Wing Right Wing Defense Defense
Derek Ryan Ryan Poehling Mason Appleton Mike Reilly Jordan Harris
Last Minutes Defensive
Center Left Wing Right Wing Defense Defense
Derek Ryan Ryan Poehling Mason Appleton Mike Reilly Jordan Harris
Goaltenders
Starting : Erik Kallgren
Backup : Cayden Primeau
Extra Forwards
Normal : Isaac Ratcliffe, Ridly Greig, Saku Maenalanen - PP : Isaac Ratcliffe, Ridly Greig - PK : Saku Maenalanen
Extra Defensemen
Normal : Joel Hanley, Brogan Rafferty, Cale Fleury - PP : Joel Hanley - PK : Brogan Rafferty, Cale Fleury
Penalty Shots
Derek Ryan, Mason Appleton, Ryan Poehling, Michael Amadio, Colin Blackwell
% Time on Ice - Atlantic City Gamblers
Lines # - Real PCT - Wanted PCT - Time Play
Normal Forward
1 - 28% - 30% - 14:27
2 - 30% - 30% - 15:52
3 - 27% - 25% - 14:12
4 - 15% - 15% - 7:43
Normal Defense
1 - 30% - 30% - 15:50
2 - 30% - 30% - 15:33
3 - 26% - 25% - 13:23
4 - 14% - 15% - 7:28
PP Forward
1 - 39% - 50% - 0:54
2 - 61% - 50% - 1:24
PP Defense
1 - 59% - 50% - 1:21
2 - 41% - 50% - 0:57
PK Forward
1 - 52% - 50% - 2:27
2 - 48% - 50% - 2:16
PK Defense
1 - 46% - 50% - 2:11
2 - 54% - 50% - 2:32
PK3 Forward
1 - 0% - 50%
2 - 0% - 50%
PK3 Defense
1 - 0% - 50%
2 - 0% - 50%
44 Forward
1 - 0% - 50%
2 - 0% - 50%
44 Defense
1 - 0% - 50%
2 - 0% - 50%
Last Minute Offensive - 0:45
Last Minute Defensive - 0:00
Total
Forward - 60:00
Defense - 60:00
|
% Time on Ice - Ste. Rose Royals
Lines # - Real PCT - Wanted PCT - Time Play
Normal Forward
1 - 28% - 30% - 14:32
2 - 31% - 30% - 16:24
3 - 28% - 25% - 14:57
4 - 13% - 15% - 6:39
Normal Defense
1 - 28% - 30% - 14:38
2 - 33% - 30% - 17:26
3 - 28% - 25% - 14:32
4 - 11% - 15% - 5:56
PP Forward
1 - 49% - 50% - 2:19
2 - 51% - 50% - 2:24
PP Defense
1 - 51% - 50% - 2:23
2 - 49% - 50% - 2:20
PK Forward
1 - 57% - 50% - 1:18
2 - 43% - 50% - 1:00
PK Defense
1 - 48% - 50% - 1:06
2 - 52% - 50% - 1:12
PK3 Forward
1 - 0% - 50%
2 - 0% - 50%
PK3 Defense
1 - 0% - 50%
2 - 0% - 50%
44 Forward
1 - 0% - 50%
2 - 0% - 50%
44 Defense
1 - 0% - 50%
2 - 0% - 50%
Last Minute Offensive - 0:00
Last Minute Defensive - 0:27
Total
Forward - 60:00
Defense - 60:00
|
Play-by-Play
1st period
0:01 of 1st period - Jean-Luc Foudy wins face-off versus Derek Ryan in neutral zone.
0:33 of 1st period - Slapshot by Aleksi Heponiemi.
0:33 of 1st period - Shot Misses the Net.
0:35 of 1st period - Snap shot by Boris Katchouk.
0:35 of 1st period - Shot Blocked by Jordan Harris.
0:37 of 1st period - Snap shot by Jakub Lauko.
0:37 of 1st period - Deflect By Boris Katchouk.
0:37 of 1st period - Stopped by Erik Kallgren with a rebound.
0:49 of 1st period - Alexander Holtz is hit by Saku Maenalanen and loses puck.
1:07 of 1st period - Derek Ryan is hit by Hendrix Lapierre and loses puck.
1:49 of 1st period - Wrist shot by Ridly Greig.
1:49 of 1st period - Stopped by Brian Elliott with a rebound.
2:34 of 1st period - Brogan Rafferty is hit by Boris Katchouk and loses puck.
3:14 of 1st period - Icing by Cale Fleury.
3:15 of 1st period - Ridly Greig wins face-off versus Hendrix Lapierre in Ste. Rose Royals zone.
3:30 of 1st period - Snap shot by Colin Blackwell.
3:30 of 1st period - Shot Hit the Post.
3:50 of 1st period - Jakub Lauko is hit by Jordan Harris.
4:05 of 1st period - Snap shot by Brendan Perlini.
4:05 of 1st period - Shot Misses the Net.
4:07 of 1st period - Slapshot by Mike Reilly.
4:07 of 1st period - Deflect By Jean-Luc Foudy.
4:07 of 1st period - Stopped by Brian Elliott without a rebound.
4:08 of 1st period - Matthew Peca wins face-off versus Jean-Luc Foudy in Atlantic City Gamblers zone.
4:11 of 1st period - Snap shot by Michael Amadio.
4:11 of 1st period - Stopped by Brian Elliott without a rebound.
4:12 of 1st period - Jean-Luc Foudy wins face-off versus Michael Amadio in Atlantic City Gamblers zone.
4:12 of 1st period - Jean-Luc Foudy is hit by Matthew Peca.
5:19 of 1st period - Snap shot by Yegor Chinakhov.
5:19 of 1st period - Shot Misses the Net.
5:21 of 1st period - Wrist shot by Yegor Chinakhov.
5:21 of 1st period - Shot Blocked by Jordan Harris.
5:23 of 1st period - Snap shot by Nils Hoglander.
5:23 of 1st period - Shot Blocked by Jordan Harris.
5:25 of 1st period - Slapshot by Cal Foote.
5:25 of 1st period - Shot Hit the Post.
5:27 of 1st period - Slapshot by Jean-Luc Foudy.
5:27 of 1st period - Stopped by Erik Kallgren without a rebound.
5:28 of 1st period - Linus Karlsson wins face-off versus Derek Ryan in Ste. Rose Royals zone.
5:41 of 1st period - Filip Roos is hit by Derek Ryan and loses puck.
8:15 of 1st period - Snap shot by Ryan Poehling.
8:15 of 1st period - Stopped by Brian Elliott with a rebound.
8:17 of 1st period - Slapshot by Cale Fleury.
8:17 of 1st period - Shot Blocked by Ronnie Attard.
8:19 of 1st period - Wrist shot by Mason Appleton.
8:19 of 1st period - Deflect By Yegor Chinakhov.
8:19 of 1st period - Shot Misses the Net.
8:19 of 1st period - Puck is out of play.
8:20 of 1st period - Jean-Luc Foudy wins face-off versus Isaac Ratcliffe in Atlantic City Gamblers zone.
8:31 of 1st period - Libor Hajek is hit by Jean-Luc Foudy and loses puck.
8:42 of 1st period - Libor Hajek is hit by Egor Sokolov and loses puck.
9:34 of 1st period - Slapshot by Ridly Greig.
9:34 of 1st period - Shot Blocked by Alexander Holtz.
9:42 of 1st period - Saku Maenalanen is hit by Ronnie Attard and loses puck.
9:58 of 1st period - Off-side.
9:59 of 1st period - Boris Katchouk wins face-off versus Michael Amadio in neutral zone.
10:04 of 1st period - Snap shot by Boris Katchouk.
10:04 of 1st period - Shot Misses the Net.
10:06 of 1st period - Wrist shot by Boris Katchouk.
10:06 of 1st period - Stopped by Erik Kallgren with a rebound.
10:24 of 1st period - Derek Ryan is hit by Nils Hoglander and loses puck.
10:44 of 1st period - Minor Penalty to Brendan Perlini for Hooking.
10:45 of 1st period - Derek Ryan wins face-off versus Jakub Lauko in Ste. Rose Royals zone.
10:51 of 1st period - Snap shot by Jakub Lauko.
10:51 of 1st period - Stopped by Erik Kallgren with a rebound.
10:53 of 1st period - Snap shot by Aleksi Heponiemi.
10:53 of 1st period - Stopped by Erik Kallgren without a rebound.
10:54 of 1st period - Derek Ryan wins face-off versus Aleksi Heponiemi in Ste. Rose Royals zone.
11:03 of 1st period - Snap shot by Jakub Lauko.
11:03 of 1st period - Goal by Jakub Lauko - Atlantic City Gamblers : 1 - Ste. Rose Royals : 0.
11:04 of 1st period - Aleksi Heponiemi wins face-off versus Derek Ryan in neutral zone.
11:42 of 1st period - Snap shot by Brendan Perlini.
11:42 of 1st period - Stopped by Brian Elliott with a rebound.
11:59 of 1st period - Minor Penalty to Ronnie Attard for Roughing.
12:00 of 1st period - Derek Ryan wins face-off versus Yegor Chinakhov in Atlantic City Gamblers zone.
12:06 of 1st period - Snap shot by Derek Ryan.
12:06 of 1st period - Shot Misses the Net.
12:29 of 1st period - Egor Sokolov is hit by Mason Appleton and loses puck.
13:19 of 1st period - Nicolas Hague is hit by Colin Blackwell and loses puck.
13:59 of 1st period - Penalty to Ronnie Attard is over, Ronnie Attard is back on ice.
15:03 of 1st period - Hendrix Lapierre is hit by Ridly Greig and loses puck.
15:59 of 1st period - Yegor Chinakhov is hit by Joel Hanley and loses puck.
17:57 of 1st period - Libor Hajek is hit by Hendrix Lapierre and loses puck.
18:47 of 1st period - Icing by Colin Blackwell.
18:48 of 1st period - Derek Ryan wins face-off versus Linus Karlsson in Ste. Rose Royals zone.
19:12 of 1st period - Wrist shot by Matthew Peca.
19:12 of 1st period - Stopped by Brian Elliott with a rebound.
19:18 of 1st period - Michael Amadio is hit by Ronnie Attard and loses puck.
19:47 of 1st period - Snap shot by Mason Appleton.
19:47 of 1st period - Shot Blocked by Cal Foote.
Goals for this period are 1 for Atlantic City Gamblers vs 0 for Ste. Rose Royals.
Shots for this period are 6 for Atlantic City Gamblers vs 6 for Ste. Rose Royals.
2nd period
0:01 of 2nd period - Derek Ryan wins face-off versus Jean-Luc Foudy in neutral zone.
0:08 of 2nd period - Wrist shot by Mason Appleton.
0:08 of 2nd period - Shot Misses the Net.
0:13 of 2nd period - Off-side.
0:14 of 2nd period - Aleksi Heponiemi wins face-off versus Derek Ryan in neutral zone.
1:59 of 2nd period - Wrist shot by Michael Amadio.
1:59 of 2nd period - Shot Misses the Net.
2:01 of 2nd period - Slapshot by Libor Hajek.
2:01 of 2nd period - Stopped by Brian Elliott with a rebound.
2:03 of 2nd period - Snap shot by Libor Hajek.
2:03 of 2nd period - Shot Blocked by Filip Roos.
2:13 of 2nd period - Snap shot by Jean-Luc Foudy.
2:13 of 2nd period - Stopped by Erik Kallgren with a rebound.
2:15 of 2nd period - Slapshot by Linus Karlsson.
2:15 of 2nd period - Shot Misses the Net.
2:17 of 2nd period - Slapshot by Thomas Harley.
2:17 of 2nd period - Shot Blocked by Libor Hajek.
2:23 of 2nd period - Wrist shot by Egor Sokolov.
2:23 of 2nd period - Stopped by Erik Kallgren without a rebound.
2:24 of 2nd period - Michael Amadio wins face-off versus Aleksi Heponiemi in Ste. Rose Royals zone.
2:49 of 2nd period - Jordan Harris is hit by Cal Foote.
3:19 of 2nd period - Slapshot by Derek Ryan.
3:19 of 2nd period - Shot Misses the Net.
3:59 of 2nd period - Filip Roos is hit by Brendan Perlini and loses puck.
4:31 of 2nd period - Icing by Ryan Poehling.
4:32 of 2nd period - Jean-Luc Foudy wins face-off versus Michael Amadio in Ste. Rose Royals zone.
4:58 of 2nd period - Egor Sokolov is hit by Ridly Greig and loses puck.
5:33 of 2nd period - Slapshot by Linus Karlsson.
5:33 of 2nd period - Stopped by Erik Kallgren with a rebound.
5:35 of 2nd period - Snap shot by Egor Sokolov.
5:35 of 2nd period - Goal by Egor Sokolov - Atlantic City Gamblers : 2 - Ste. Rose Royals : 0.
5:36 of 2nd period - Mason Appleton wins face-off versus Jean-Luc Foudy in neutral zone.
5:49 of 2nd period - Wrist shot by Nils Hoglander.
5:49 of 2nd period - Shot Blocked by Jordan Harris.
5:51 of 2nd period - Slapshot by Filip Roos.
5:51 of 2nd period - Stopped by Erik Kallgren with a rebound.
6:47 of 2nd period - Wrist shot by Grigori Denisenko.
6:47 of 2nd period - Goal by Grigori Denisenko - Atlantic City Gamblers : 2 - Ste. Rose Royals : 1.
6:48 of 2nd period - Derek Ryan wins face-off versus Jean-Luc Foudy in neutral zone.
6:53 of 2nd period - Snap shot by Derek Ryan.
6:53 of 2nd period - Stopped by Brian Elliott with a rebound.
6:55 of 2nd period - Slapshot by Jordan Harris.
6:55 of 2nd period - Stopped by Brian Elliott without a rebound.
6:56 of 2nd period - Yegor Chinakhov wins face-off versus Derek Ryan in Atlantic City Gamblers zone.
7:03 of 2nd period - Wrist shot by Derek Ryan.
7:03 of 2nd period - Shot Misses the Net.
7:05 of 2nd period - Wrist shot by Derek Ryan.
7:05 of 2nd period - Stopped by Brian Elliott with a rebound.
7:07 of 2nd period - Snap shot by Derek Ryan.
7:07 of 2nd period - Stopped by Brian Elliott with a rebound.
7:09 of 2nd period - Snap shot by Jordan Harris.
7:09 of 2nd period - Shot Misses the Net.
7:55 of 2nd period - Snap shot by Derek Ryan.
7:55 of 2nd period - Stopped by Brian Elliott with a rebound.
7:57 of 2nd period - Slapshot by Jordan Harris.
7:57 of 2nd period - Deflect By Mason Appleton.
7:57 of 2nd period - Shot Misses the Net.
7:57 of 2nd period - Puck is out of play.
7:58 of 2nd period - Aleksi Heponiemi wins face-off versus Michael Amadio in Atlantic City Gamblers zone.
8:40 of 2nd period - Wrist shot by Michael Amadio.
8:40 of 2nd period - Deflect By Matthew Peca.
8:40 of 2nd period - Shot Misses the Net.
8:40 of 2nd period - Puck is out of play.
8:41 of 2nd period - Ridly Greig wins face-off versus Aleksi Heponiemi in Atlantic City Gamblers zone.
8:42 of 2nd period - Wrist shot by Saku Maenalanen.
8:42 of 2nd period - Stopped by Brian Elliott with a rebound.
8:44 of 2nd period - Slapshot by Ridly Greig.
8:44 of 2nd period - Shot Misses the Net.
8:46 of 2nd period - Slapshot by Joel Hanley.
8:46 of 2nd period - Deflect By Ridly Greig.
8:46 of 2nd period - Shot Misses the Net.
8:46 of 2nd period - Puck is out of play.
8:47 of 2nd period - Jakub Lauko wins face-off versus Brendan Perlini in Atlantic City Gamblers zone.
9:38 of 2nd period - Snap shot by Egor Sokolov.
9:38 of 2nd period - Shot Misses the Net.
9:42 of 2nd period - Snap shot by Linus Karlsson.
9:42 of 2nd period - Stopped by Erik Kallgren with a rebound.
9:44 of 2nd period - Slapshot by Cal Foote.
9:44 of 2nd period - Stopped by Erik Kallgren without a rebound.
9:45 of 2nd period - Aleksi Heponiemi wins face-off versus Ridly Greig in Ste. Rose Royals zone.
10:18 of 2nd period - Mike Reilly is hit by Simon Edvinsson and loses puck.
10:28 of 2nd period - Icing by Yegor Chinakhov.
10:29 of 2nd period - Michael Amadio wins face-off versus Jean-Luc Foudy in Atlantic City Gamblers zone.
10:30 of 2nd period - Slapshot by Matthew Peca.
10:30 of 2nd period - Shot Misses the Net.
10:32 of 2nd period - Snap shot by Cale Fleury.
10:32 of 2nd period - Stopped by Brian Elliott with a rebound.
10:34 of 2nd period - Wrist shot by Matthew Peca.
10:34 of 2nd period - Shot Misses the Net.
10:36 of 2nd period - Backhand shot by Cale Fleury.
10:36 of 2nd period - Stopped by Brian Elliott without a rebound.
10:37 of 2nd period - Aleksi Heponiemi wins face-off versus Michael Amadio in Atlantic City Gamblers zone.
11:02 of 2nd period - Nicolas Hague is hit by Mike Reilly and loses puck.
12:33 of 2nd period - Wrist shot by Mason Appleton.
12:33 of 2nd period - Shot Blocked by Alexander Holtz.
12:44 of 2nd period - Linus Karlsson is hit by Ryan Poehling and loses puck.
13:22 of 2nd period - Wrist shot by Mason Appleton.
13:22 of 2nd period - Shot Misses the Net.
13:28 of 2nd period - Snap shot by Mason Appleton.
13:28 of 2nd period - Stopped by Brian Elliott without a rebound.
13:29 of 2nd period - Michael Amadio wins face-off versus Boris Katchouk in Atlantic City Gamblers zone.
13:36 of 2nd period - Wrist shot by Colin Blackwell.
13:36 of 2nd period - Stopped by Brian Elliott with a rebound.
13:54 of 2nd period - Jean-Luc Foudy is hit by Ridly Greig and loses puck.
14:03 of 2nd period - Wrist shot by Brendan Perlini.
14:03 of 2nd period - Deflect By Cal Foote.
14:03 of 2nd period - Shot Blocked by Cal Foote.
14:03 of 2nd period - Puck is out of play.
14:04 of 2nd period - Ridly Greig wins face-off versus Aleksi Heponiemi in Atlantic City Gamblers zone.
14:20 of 2nd period - Minor Penalty to Aleksi Heponiemi for Tripping.
14:21 of 2nd period - Michael Amadio wins face-off versus Boris Katchouk in Atlantic City Gamblers zone.
15:54 of 2nd period - Icing by Jordan Harris.
15:55 of 2nd period - Yegor Chinakhov wins face-off versus Derek Ryan in Ste. Rose Royals zone.
16:20 of 2nd period - Penalty to Aleksi Heponiemi is over, Aleksi Heponiemi is back on ice.
16:30 of 2nd period - Saku Maenalanen is hit by Alex Beaucage and loses puck.
17:46 of 2nd period - Snap shot by Ridly Greig.
17:46 of 2nd period - Stopped by Brian Elliott without a rebound.
17:47 of 2nd period - Ridly Greig wins face-off versus Aleksi Heponiemi in Atlantic City Gamblers zone.
18:34 of 2nd period - Slapshot by Mason Appleton.
18:34 of 2nd period - Shot Misses the Net.
18:36 of 2nd period - Snap shot by Derek Ryan.
18:36 of 2nd period - Goal by Derek Ryan - Atlantic City Gamblers : 2 - Ste. Rose Royals : 2.
18:37 of 2nd period - Mathias Emilio Pettersen wins face-off versus Aleksi Heponiemi in neutral zone.
18:37 of 2nd period - Jordan Harris is hit by Jakub Lauko.
19:03 of 2nd period - Jordan Harris is hit by Jean-Luc Foudy and loses puck.
Goals for this period are 1 for Atlantic City Gamblers vs 2 for Ste. Rose Royals.
Shots for this period are 7 for Atlantic City Gamblers vs 14 for Ste. Rose Royals.
3rd period
0:01 of 3rd period - Jean-Luc Foudy wins face-off versus Derek Ryan in neutral zone.
0:30 of 3rd period - Snap shot by Boris Katchouk.
0:30 of 3rd period - Deflect By Aleksi Heponiemi.
0:30 of 3rd period - Shot Misses the Net.
0:30 of 3rd period - Puck is out of play.
0:31 of 3rd period - Michael Amadio wins face-off versus Aleksi Heponiemi in Ste. Rose Royals zone.
1:09 of 3rd period - Slapshot by Ridly Greig.
1:09 of 3rd period - Stopped by Brian Elliott without a rebound.
1:10 of 3rd period - Derek Ryan wins face-off versus Jean-Luc Foudy in Atlantic City Gamblers zone.
1:11 of 3rd period - Wrist shot by Mason Appleton.
1:11 of 3rd period - Deflect By Derek Ryan.
1:11 of 3rd period - Stopped by Brian Elliott without a rebound.
1:12 of 3rd period - Derek Ryan wins face-off versus Jean-Luc Foudy in Atlantic City Gamblers zone.
1:13 of 3rd period - Slapshot by Mason Appleton.
1:13 of 3rd period - Deflect By Derek Ryan.
1:13 of 3rd period - Shot Blocked by Nicolas Hague.
1:13 of 3rd period - Puck is out of play.
1:14 of 3rd period - Jean-Luc Foudy wins face-off versus Derek Ryan in Atlantic City Gamblers zone.
1:45 of 3rd period - Snap shot by Jakub Lauko.
1:45 of 3rd period - Stopped by Erik Kallgren with a rebound.
2:01 of 3rd period - Snap shot by Ridly Greig.
2:01 of 3rd period - Stopped by Brian Elliott with a rebound.
2:44 of 3rd period - Slapshot by Ryan Poehling.
2:44 of 3rd period - Shot Misses the Net.
3:24 of 3rd period - Snap shot by Colin Blackwell.
3:24 of 3rd period - Shot Misses the Net.
3:26 of 3rd period - Slapshot by Brogan Rafferty.
3:26 of 3rd period - Shot Misses the Net.
3:28 of 3rd period - Snap shot by Colin Blackwell.
3:28 of 3rd period - Stopped by Brian Elliott without a rebound.
3:29 of 3rd period - Matthew Peca wins face-off versus Linus Karlsson in Atlantic City Gamblers zone.
3:56 of 3rd period - Jakub Lauko is hit by Brendan Perlini.
4:18 of 3rd period - Slapshot by Nicolas Hague.
4:18 of 3rd period - Shot Blocked by Derek Ryan.
4:20 of 3rd period - Slapshot by Cal Foote.
4:20 of 3rd period - Stopped by Erik Kallgren with a rebound.
4:22 of 3rd period - Wrist shot by Jean-Luc Foudy.
4:22 of 3rd period - Stopped by Erik Kallgren without a rebound.
4:23 of 3rd period - Hendrix Lapierre wins face-off versus Michael Amadio in Ste. Rose Royals zone.
4:26 of 3rd period - Slapshot by Hendrix Lapierre.
4:26 of 3rd period - Stopped by Erik Kallgren with a rebound.
4:33 of 3rd period - Icing by Mike Reilly.
4:34 of 3rd period - Michael Amadio wins face-off versus Jean-Luc Foudy in Ste. Rose Royals zone.
5:15 of 3rd period - Snap shot by Matthew Peca.
5:15 of 3rd period - Stopped by Brian Elliott with a rebound.
5:26 of 3rd period - Snap shot by Michael Amadio.
5:26 of 3rd period - Deflect By Yegor Chinakhov.
5:26 of 3rd period - Shot Misses the Net.
5:26 of 3rd period - Puck is out of play.
5:27 of 3rd period - Derek Ryan wins face-off versus Aleksi Heponiemi in Atlantic City Gamblers zone.
5:30 of 3rd period - Snap shot by Derek Ryan.
5:30 of 3rd period - Shot Misses the Net.
5:32 of 3rd period - Wrist shot by Mason Appleton.
5:32 of 3rd period - Shot Misses the Net.
5:36 of 3rd period - Wrist shot by Mason Appleton.
5:36 of 3rd period - Shot Blocked by Nicolas Hague.
5:38 of 3rd period - Snap shot by Mason Appleton.
5:38 of 3rd period - Deflect By Ryan Poehling.
5:38 of 3rd period - Shot Blocked by Jakub Lauko.
5:38 of 3rd period - Puck is out of play.
5:39 of 3rd period - Aleksi Heponiemi wins face-off versus Mathias Emilio Pettersen in Atlantic City Gamblers zone.
5:47 of 3rd period - Wrist shot by Jakub Lauko.
5:47 of 3rd period - Shot Misses the Net.
5:49 of 3rd period - Wrist shot by Aleksi Heponiemi.
5:49 of 3rd period - Shot Misses the Net.
5:51 of 3rd period - Slapshot by Nicolas Hague.
5:51 of 3rd period - Shot Misses the Net.
5:53 of 3rd period - Wrist shot by Nicolas Hague.
5:53 of 3rd period - Stopped by Erik Kallgren with a rebound.
5:55 of 3rd period - Slapshot by Boris Katchouk.
5:55 of 3rd period - Stopped by Erik Kallgren with a rebound.
6:24 of 3rd period - Mason Appleton is hit by Alex Beaucage and loses puck.
7:00 of 3rd period - Aleksi Heponiemi is hit by Matthew Peca and loses puck.
7:36 of 3rd period - Off-side.
7:37 of 3rd period - Jean-Luc Foudy wins face-off versus Matthew Peca in neutral zone.
7:40 of 3rd period - Slapshot by Nicolas Hague.
7:40 of 3rd period - Deflect By Yegor Chinakhov.
7:40 of 3rd period - Shot Misses the Net.
7:40 of 3rd period - Puck is out of play.
7:41 of 3rd period - Jean-Luc Foudy wins face-off versus Michael Amadio in Ste. Rose Royals zone.
8:26 of 3rd period - Slapshot by Mason Appleton.
8:26 of 3rd period - Shot Blocked by Thomas Harley.
8:28 of 3rd period - Slapshot by Brendan Perlini.
8:28 of 3rd period - Stopped by Brian Elliott with a rebound.
8:30 of 3rd period - Backhand shot by Ridly Greig.
8:30 of 3rd period - Deflect By Brendan Perlini.
8:30 of 3rd period - Stopped by Brian Elliott without a rebound.
8:31 of 3rd period - Ridly Greig wins face-off versus Jean-Luc Foudy in Atlantic City Gamblers zone.
8:32 of 3rd period - Snap shot by Brendan Perlini.
8:32 of 3rd period - Stopped by Brian Elliott with a rebound.
8:34 of 3rd period - Snap shot by Jordan Harris.
8:34 of 3rd period - Shot Blocked by Filip Roos.
8:36 of 3rd period - Slapshot by Jordan Harris.
8:36 of 3rd period - Deflect By Brendan Perlini.
8:36 of 3rd period - Stopped by Brian Elliott with a rebound.
8:38 of 3rd period - Slapshot by Mike Reilly.
8:38 of 3rd period - Stopped by Brian Elliott with a rebound.
8:46 of 3rd period - Saku Maenalanen is hit by Jean-Luc Foudy and loses puck.
8:53 of 3rd period - Filip Roos is hit by Mike Reilly.
9:08 of 3rd period - Snap shot by Brendan Perlini.
9:08 of 3rd period - Shot Misses the Net.
9:10 of 3rd period - Slapshot by Jordan Harris.
9:10 of 3rd period - Stopped by Brian Elliott with a rebound.
9:12 of 3rd period - Snap shot by Ridly Greig.
9:12 of 3rd period - Stopped by Brian Elliott without a rebound.
9:13 of 3rd period - Linus Karlsson wins face-off versus Derek Ryan in Atlantic City Gamblers zone.
9:18 of 3rd period - Slapshot by Nicolas Hague.
9:18 of 3rd period - Shot Misses the Net.
9:26 of 3rd period - Snap shot by Derek Ryan.
9:26 of 3rd period - Stopped by Brian Elliott with a rebound.
9:28 of 3rd period - Slapshot by Libor Hajek.
9:28 of 3rd period - Deflect By Derek Ryan.
9:28 of 3rd period - Stopped by Brian Elliott without a rebound.
9:29 of 3rd period - Aleksi Heponiemi wins face-off versus Michael Amadio in Atlantic City Gamblers zone.
9:54 of 3rd period - Alexander Holtz is hit by Mike Reilly and loses puck.
10:17 of 3rd period - Cale Fleury is hit by Filip Roos and loses puck.
10:26 of 3rd period - Snap shot by Yegor Chinakhov.
10:26 of 3rd period - Deflect By Nils Hoglander.
10:26 of 3rd period - Shot Misses the Net.
10:26 of 3rd period - Puck is out of play.
10:27 of 3rd period - Aleksi Heponiemi wins face-off versus Mathias Emilio Pettersen in Ste. Rose Royals zone.
10:28 of 3rd period - Wrist shot by Boris Katchouk.
10:28 of 3rd period - Stopped by Erik Kallgren with a rebound.
10:43 of 3rd period - Aleksi Heponiemi is hit by Grigori Denisenko and loses puck.
11:17 of 3rd period - Jordan Harris is hit by Daniil Chayka and loses puck.
11:25 of 3rd period - Off-side.
11:26 of 3rd period - Aleksi Heponiemi wins face-off versus Derek Ryan in neutral zone.
11:29 of 3rd period - Slapshot by Boris Katchouk.
11:29 of 3rd period - Shot Misses the Net.
11:31 of 3rd period - Slapshot by Filip Roos.
11:31 of 3rd period - Shot Blocked by Libor Hajek.
11:33 of 3rd period - Wrist shot by Jakub Lauko.
11:33 of 3rd period - Stopped by Erik Kallgren with a rebound.
11:35 of 3rd period - Snap shot by Thomas Harley.
11:35 of 3rd period - Shot Blocked by Libor Hajek.
11:37 of 3rd period - Slapshot by Thomas Harley.
11:37 of 3rd period - Stopped by Erik Kallgren without a rebound.
11:38 of 3rd period - Derek Ryan wins face-off versus Yegor Chinakhov in Ste. Rose Royals zone.
12:47 of 3rd period - Wrist shot by Brendan Perlini.
12:47 of 3rd period - Shot Misses the Net.
12:49 of 3rd period - Slapshot by Grigori Denisenko.
12:49 of 3rd period - Shot Misses the Net.
13:20 of 3rd period - Snap shot by Linus Karlsson.
13:20 of 3rd period - Stopped by Erik Kallgren without a rebound.
13:21 of 3rd period - Michael Amadio wins face-off versus Linus Karlsson in Ste. Rose Royals zone.
15:06 of 3rd period - Snap shot by Mason Appleton.
15:06 of 3rd period - Stopped by Brian Elliott with a rebound.
15:08 of 3rd period - Snap shot by Ryan Poehling.
15:08 of 3rd period - Stopped by Brian Elliott without a rebound.
15:09 of 3rd period - Derek Ryan wins face-off versus Hendrix Lapierre in Atlantic City Gamblers zone.
15:26 of 3rd period - Minor Penalty to Alex Beaucage for Holding Stick.
15:27 of 3rd period - Derek Ryan wins face-off versus Boris Katchouk in Atlantic City Gamblers zone.
15:56 of 3rd period - Wrist shot by Nils Hoglander.
15:56 of 3rd period - Deflect By Yegor Chinakhov.
15:56 of 3rd period - Shot Misses the Net.
15:56 of 3rd period - Puck is out of play.
15:57 of 3rd period - Michael Amadio wins face-off versus Yegor Chinakhov in Ste. Rose Royals zone.
16:05 of 3rd period - Slapshot by Jordan Harris.
16:05 of 3rd period - Shot Misses the Net.
16:07 of 3rd period - Slapshot by Mike Reilly.
16:07 of 3rd period - Stopped by Brian Elliott with a rebound.
16:09 of 3rd period - Snap shot by Jordan Harris.
16:09 of 3rd period - Shot Misses the Net.
16:11 of 3rd period - Wrist shot by Matthew Peca.
16:11 of 3rd period - Goal by Matthew Peca - Atlantic City Gamblers : 2 - Ste. Rose Royals : 3.
16:12 of 3rd period - Derek Ryan wins face-off versus Hendrix Lapierre in neutral zone.
17:15 of 3rd period - Minor Penalty to Brogan Rafferty for Hooking.
17:16 of 3rd period - Aleksi Heponiemi wins face-off versus Ryan Poehling in Ste. Rose Royals zone.
17:26 of 3rd period - Mason Appleton is hit by Filip Roos and loses puck.
18:23 of 3rd period - Boris Katchouk is hit by Mike Reilly and loses puck.
19:15 of 3rd period - Penalty to Brogan Rafferty is over, Brogan Rafferty is back on ice.
19:16 of 3rd period - Atlantic City Gamblers, Brian Elliott is pulled from the net.
19:32 of 3rd period - Snap shot by Alexander Holtz.
19:32 of 3rd period - Deflect By Linus Karlsson.
19:32 of 3rd period - Shot Misses the Net.
19:32 of 3rd period - Puck is out of play.
19:33 of 3rd period - Mike Yeo call a timeout for Atlantic City Gamblers.
19:33 of 3rd period - Linus Karlsson wins face-off versus Derek Ryan in Ste. Rose Royals zone.
19:56 of 3rd period - Slapshot by Derek Ryan.
19:56 of 3rd period - Shot Blocked by Ronnie Attard.
Goals for this period are 0 for Atlantic City Gamblers vs 1 for Ste. Rose Royals.
Shots for this period are 10 for Atlantic City Gamblers vs 18 for Ste. Rose Royals.
Back to the Top